| TOP OF THE 1ST |
|
Pittsburgh Pirates batting - Pitching for Cincinnati Reds : RHP Curt Stevens
|
|
Pitching: RHP Curt Stevens
|
|
|
Batting: RHB Jeckel Hester
|
0-0: Called Strike 0-1: Ball 1-1: Swinging Strike 1-2: Ball 2-2: Fly out, F9 (Line Drive, 9D, EV 98.1 MPH)
|
|
Batting: SHB Marvin McAleer
|
0-0: Foul Ball, location: 2F 0-1: Ball 1-1: Ball 2-1: Foul Ball, location: 2F 2-2: Strikes out looking and he ARGUES THE CALL AND IS TOSSED!
|
|
Batting: RHB Vincent Poopwell
|
0-0: Called Strike 0-1: Ball 1-1: Ball 2-1: Ball 3-1: Base on Balls
|
|
Batting: LHB Theodore Conboy
|
0-0: Ball 1-0: SINGLE (Line Drive, 8RS, EV 104.4 MPH) Vincent Poopwell to second
|
|
Batting: RHB Steve Jordan
|
0-0: Called Strike 0-1: Ball 1-1: Ball 2-1: Swinging Strike 2-2: SINGLE (Groundball, 4MD, EV 109.4 MPH) Vincent Poopwell to third Theodore Conboy to second Runner from 3rd tries for Home, SAFE, throw by CF to home
|
|
Batting: RHB Tommie Eaton
|
0-0: Ball 1-0: 3-RUN HOME RUN (Flyball, 9LD, EV 97.5 MPH), Distance : 352 ft
|
|
Batting: RHB Andrew Robinson
|
0-0: Ball 1-0: Called Strike 1-1: Ball 2-1: Swinging Strike 2-2: Foul Ball, location: 2F 2-2: Strikes out looking
|
| Top of the 1st over - 4 runs, 3 hits, 0 errors, 0 left on base; Pittsburgh 4 - Cincinnati 0 |
| BOTTOM OF THE 1ST |
|
Cincinnati Reds batting - Pitching for Pittsburgh Pirates : RHP Jeremy Kennie
|
|
Pitching: RHP Jeremy Kennie
|
|
|
Now in LF: Raul Mendoza
|
|
|
Now in CF: Theodore Conboy
|
|
|
Batting: LHB Jon Ledesma
|
0-0: Ball 1-0: Fly out, F7 (Line Drive, 7, EV 100.6 MPH)
|
|
Batting: SHB Dave Barefoot
|
0-0: Called Strike 0-1: Called Strike 0-2: Strikes out swinging
|
|
Batting: LHB Jake Bill
|
0-0: Ball 1-0: Ball 2-0: Ground out 6-3 (Groundball, 6M, EV 80.6 MPH)
|
| Bottom of the 1st over - 0 runs, 0 hits, 0 errors, 0 left on base; Pittsburgh 4 - Cincinnati 0 |
| TOP OF THE 2ND |
|
Pittsburgh Pirates batting - Pitching for Cincinnati Reds : RHP Curt Stevens
|
|
Batting: RHB Mike Bates
|
0-0: Foul Ball, location: 2F 0-1: Foul Ball, location: 2F 0-2: Foul Ball, location: 2F 0-2: Ball 1-2: Ball 2-2: Foul Ball, location: 2F 2-2: Strikes out swinging
|
|
Batting: RHB Lupe Covarrubias
|
0-0: SOLO HOME RUN (Flyball, 7D, EV 108.1 MPH), Distance : 413 ft
|
|
Batting: RHB Jeckel Hester
|
0-0: Foul Ball, location: 2F 0-1: Swinging Strike 0-2: Ball 1-2: Ball 2-2: Strikes out swinging
|
|
Batting: RHB Raul Mendoza
|
0-0: Ball 1-0: Ball 2-0: Foul Ball, location: 2F 2-1: Swinging Strike 2-2: Foul Ball, location: 2F 2-2: Fly out, F7 (Flyball, 7S, EV 86.9 MPH)
|
| Top of the 2nd over - 1 run, 1 hit, 0 errors, 0 left on base; Pittsburgh 5 - Cincinnati 0 |
| BOTTOM OF THE 2ND |
|
Cincinnati Reds batting - Pitching for Pittsburgh Pirates : RHP Jeremy Kennie
|
|
Batting: RHB Willie Cardamone
|
0-0: Ball 1-0: Foul Ball, location: 2F 1-1: Called Strike 1-2: Foul Ball, location: 2F 1-2: Strikes out swinging
|
|
Batting: SHB Saulo Maina
|
0-0: Foul Ball, location: 2F 0-1: Ball 1-1: Ball 2-1: DOUBLE (Groundball, 3L, EV 100.6 MPH)
|
|
Batting: LHB Jesus Lozano
|
0-0: Swinging Strike 0-1: Ball 1-1: Foul Ball, location: 2F 1-2: Strikes out swinging
|
|
Batting: LHB Sean Geisler
|
0-0: Ball 1-0: Called Strike 1-1: Fly out, F8 (Flyball, 8RD, EV 91.9 MPH)
|
| Bottom of the 2nd over - 0 runs, 1 hit, 0 errors, 1 left on base; Pittsburgh 5 - Cincinnati 0 |
| TOP OF THE 3RD |
|
Pittsburgh Pirates batting - Pitching for Cincinnati Reds : RHP Curt Stevens
|
|
Batting: RHB Vincent Poopwell
|
0-0: Ball 1-0: Ground out 5-3 (Groundball, 56S, EV 90.6 MPH)
|
|
Batting: LHB Theodore Conboy
|
0-0: Called Strike 0-1: Ball 1-1: Called Strike 1-2: Ball 2-2: SINGLE (Line Drive, 78S, EV 88.1 MPH)
|
|
Pitching: RHP Ragnar Alqvist
|
|
|
Batting: RHB Steve Jordan
|
0-0: Called Strike Theodore Conboy steals 2nd base (no throw) 0-1: Ball 1-1: Called Strike Theodore Conboy steals 3rd base 1-2: Ball 2-2: Strikes out swinging
|
|
Batting: RHB Tommie Eaton
|
0-0: Ball 1-0: Ball 2-0: Called Strike 2-1: Ball Wild Pitch! Theodore Conboy scores 3-1: Foul Ball, location: 2F 3-2: Foul Ball, location: 2F 3-2: Base on Balls
|
|
Batting: RHB Andrew Robinson
|
0-0: Called Strike 0-1: Called Strike 0-2: Ball 1-2: Strikes out swinging
|
| Top of the 3rd over - 1 run, 1 hit, 0 errors, 1 left on base; Pittsburgh 6 - Cincinnati 0 |
| BOTTOM OF THE 3RD |
|
Cincinnati Reds batting - Pitching for Pittsburgh Pirates : RHP Jeremy Kennie
|
|
Batting: RHB Fred Slade
|
0-0: Ball 1-0: Called Strike 1-1: Ball 2-1: Called Strike 2-2: SINGLE (Line Drive, 8LS, EV 87.5 MPH)
|
|
Batting: RHB Omar Quintana
|
0-0: Ball 1-0: Foul Ball, location: 2F 1-1: Ball 2-1: SINGLE (Groundball, 6MD, EV 103.8 MPH) Fred Slade to second
|
|
Batting: LHB Jon Ledesma
|
0-0: Ball Wild Pitch! Fred Slade to third Omar Quintana to second 1-0: Ball 2-0: Ground out 6-3 (Groundball, 6, EV 87.5 MPH) Fred Slade scores
|
|
Batting: SHB Dave Barefoot
|
0-0: Ball 1-0: Ball 2-0: Foul Ball, location: 2F 2-1: Fly out, F8 (Flyball, 8RM, EV 78.1 MPH)
|
|
Batting: LHB Jake Bill
|
0-0: Ball 1-0: Ball 2-0: DOUBLE (Groundball, 3L, EV 103.8 MPH) Omar Quintana scores
|
|
Batting: RHB Willie Cardamone
|
0-0: Called Strike 0-1: Foul Ball, location: 2F 0-2: Ball 1-2: Strikes out swinging
|
| Bottom of the 3rd over - 2 runs, 3 hits, 0 errors, 1 left on base; Pittsburgh 6 - Cincinnati 2 |
| TOP OF THE 4TH |
|
Pittsburgh Pirates batting - Pitching for Cincinnati Reds : RHP Ragnar Alqvist
|
|
Batting: RHB Mike Bates
|
0-0: Called Strike 0-1: Foul Ball, location: 2F 0-2: Ball 1-2: Foul Ball, location: 2F 1-2: DOUBLE (Flyball, 8LXD, EV 93.8 MPH)
|
|
Batting: RHB Lupe Covarrubias
|
0-0: Ground out 6-3 (Groundball, 6, EV 83.8 MPH) Mike Bates to third
|
|
Batting: RHB Jeckel Hester
|
0-0: Ball 1-0: Foul Ball, location: 2F 1-1: Ball 2-1: Fly out, F7 (Flyball, 7, EV 94.4 MPH)
|
|
Batting: RHB Raul Mendoza
|
0-0: Called Strike 0-1: Fly out, F8 (Flyball, 8RXD, EV 106.3 MPH)
|
| Top of the 4th over - 0 runs, 1 hit, 0 errors, 1 left on base; Pittsburgh 6 - Cincinnati 2 |
| BOTTOM OF THE 4TH |
|
Cincinnati Reds batting - Pitching for Pittsburgh Pirates : RHP Jeremy Kennie
|
|
Batting: SHB Saulo Maina
|
0-0: Called Strike 0-1: Ball 1-1: SOLO HOME RUN (Flyball, 7D, EV 103.1 MPH), Distance : 385 ft
|
|
Batting: LHB Jesus Lozano
|
0-0: Ball 1-0: Foul Ball, location: 2F 1-1: Swinging Strike 1-2: Strikes out looking
|
|
Batting: LHB Sean Geisler
|
0-0: Ground out U3 (Groundball, 34, EV 98.8 MPH)
|
|
Batting: RHB Fred Slade
|
0-0: Fly out, F6 (Flyball, 6D, EV 91.3 MPH)
|
| Bottom of the 4th over - 1 run, 1 hit, 0 errors, 0 left on base; Pittsburgh 6 - Cincinnati 3 |
| TOP OF THE 5TH |
|
Pittsburgh Pirates batting - Pitching for Cincinnati Reds : RHP Ragnar Alqvist
|
|
Batting: RHB Vincent Poopwell
|
0-0: Foul Ball, location: 2F 0-1: Ball 1-1: Called Strike 1-2: Foul Ball, location: 2F 1-2: Ball 2-2: SINGLE (Groundball, 34D, EV 94.4 MPH)
|
|
Batting: LHB Theodore Conboy
|
0-0: Swinging Strike 0-1: Ball 1-1: Called Strike 1-2: Ball Vincent Poopwell steals 2nd base 2-2: Ball 3-2: Strikes out swinging
|
|
Batting: RHB Steve Jordan
|
0-0: Ball 1-0: Called Strike 1-1: Ball 2-1: Ball 3-1: Base on Balls
|
|
Batting: RHB Tommie Eaton
|
0-0: Ball 1-0: Foul Ball, location: 2F 1-1: Foul Ball, location: 2F 1-2: Ball 2-2: Foul Ball, location: 2F 2-2: Ball 3-2: SINGLE (Groundball, 5S, EV 65.6 MPH) (infield hit) Vincent Poopwell to third Steve Jordan to second
|
|
Batting: RHB Andrew Robinson
|
0-0: Ball 1-0: Foul Ball, location: 2F 1-1: SINGLE (Groundball, 4M, EV 88.1 MPH) (infield hit) Vincent Poopwell scores Steve Jordan to third Tommie Eaton to second
|
|
Pitching: RHP Timmy John Aaron-Lee Frank Silveira
|
|
|
Batting: RHB Mike Bates
|
0-0: SINGLE (Groundball, 25, EV 65.0 MPH) (infield hit) Steve Jordan scores Tommie Eaton to third Andrew Robinson to second
|
|
Batting: RHB Lupe Covarrubias
|
0-0: Ball 1-0: Ball 2-0: Called Strike 2-1: Swinging Strike 2-2: Strikes out swinging
|
|
Batting: RHB Jeckel Hester
|
0-0: Foul Ball, location: 2F 0-1: Foul Ball, location: 2F 0-2: Ball 1-2: Ball 2-2: Fielders Choice at 2nd, 5-4 (Groundball, 5, EV 86.3 MPH)
|
| Top of the 5th over - 2 runs, 4 hits, 0 errors, 3 left on base; Pittsburgh 8 - Cincinnati 3 |
| BOTTOM OF THE 5TH |
|
Cincinnati Reds batting - Pitching for Pittsburgh Pirates : RHP Jeremy Kennie
|
|
Batting: RHB Omar Quintana
|
0-0: Foul Ball, location: 2F 0-1: Swinging Strike 0-2: Strikes out swinging
|
|
Batting: LHB Jon Ledesma
|
0-0: Called Strike 0-1: Foul Ball, location: 2F 0-2: DOUBLE (Groundball, 3L, EV 95.6 MPH)
|
|
Batting: SHB Dave Barefoot
|
0-0: Ball Jon Ledesma steals 3rd base (no throw) 1-0: Ball 2-0: Called Strike 2-1: Foul Ball, location: 2F 2-2: 2-RUN HOME RUN (Flyball, 89XD, EV 96.9 MPH), Distance : 392 ft
|
|
Pitching: LHP Jason Salzer
|
|
|
Batting: LHB Jake Bill
|
0-0: Ball 1-0: Ball 2-0: Swinging Strike 2-1: Ground out 6-3 (Groundball, 6MS, EV 59.4 MPH)
|
|
Batting: RHB Willie Cardamone
|
0-0: Ball 1-0: Ball 2-0: Ball 3-0: Base on Balls
|
|
Batting: SHB Saulo Maina
|
0-0: Called Strike 0-1: Ball 1-1: Ball 2-1: Fly out, F8 (Flyball, 8LM, EV 85.6 MPH)
|
| Bottom of the 5th over - 2 runs, 2 hits, 0 errors, 1 left on base; Pittsburgh 8 - Cincinnati 5 |
| TOP OF THE 6TH |
|
Pittsburgh Pirates batting - Pitching for Cincinnati Reds : RHP Timmy John Aaron-Lee Frank Silveira
|
|
Batting: RHB Raul Mendoza
|
0-0: Ball 1-0: Fly out, F7 (Line Drive, 7, EV 86.3 MPH)
|
|
Batting: RHB Vincent Poopwell
|
0-0: Ball 1-0: Ball 2-0: Ball 3-0: Called Strike 3-1: SINGLE (Groundball, 6S, EV 66.9 MPH) (infield hit)
|
|
Batting: LHB Theodore Conboy
|
0-0: Ball 1-0: Swinging Strike 1-1: Foul Ball, location: 2F 1-2: Foul Ball, location: 2F 1-2: Strikes out swinging
|
|
Batting: RHB Steve Jordan
|
0-0: Called Strike 0-1: DOUBLE (Groundball, 5L, EV 101.3 MPH) Vincent Poopwell to third Runner from 3rd tries for Home, SAFE, no throw by LF
|
|
Batting: RHB Tommie Eaton
|
0-0: Ball 1-0: Called Strike 1-1: Foul Ball, location: 2F 1-2: Ground out U3 (Groundball, 3, EV 92.5 MPH)
|
| Top of the 6th over - 1 run, 2 hits, 0 errors, 1 left on base; Pittsburgh 9 - Cincinnati 5 |
| BOTTOM OF THE 6TH |
|
Cincinnati Reds batting - Pitching for Pittsburgh Pirates : LHP Jason Salzer
|
|
Batting: LHB Jesus Lozano
|
0-0: Called Strike 0-1: Ball 1-1: Ball 2-1: Swinging Strike 2-2: Strikes out swinging
|
|
Batting: LHB Sean Geisler
|
0-0: Ball 1-0: Called Strike 1-1: Swinging Strike 1-2: Strikes out swinging
|
|
Batting: RHB Fred Slade
|
0-0: Ball 1-0: SINGLE (Groundball, 56D, EV 96.3 MPH)
|
|
Batting: RHB Omar Quintana
|
0-0: Called Strike 0-1: Ground out U3 (Groundball, 3, EV 83.1 MPH)
|
| Bottom of the 6th over - 0 runs, 1 hit, 0 errors, 1 left on base; Pittsburgh 9 - Cincinnati 5 |
| TOP OF THE 7TH |
|
Pittsburgh Pirates batting - Pitching for Cincinnati Reds : RHP Timmy John Aaron-Lee Frank Silveira
|
|
Batting: RHB Andrew Robinson
|
0-0: Called Strike 0-1: Ball 1-1: DOUBLE (Flyball, 8LXD, EV 110.0 MPH)
|
|
Batting: RHB Mike Bates
|
0-0: Called Strike 0-1: Ground out 5-3 (Groundball, 5L, EV 80.6 MPH)
|
|
Batting: RHB Lupe Covarrubias
|
0-0: Foul Ball, location: 2F 0-1: Ball 1-1: Swinging Strike 1-2: Foul Ball, location: 2F 1-2: Strikes out swinging
|
|
Batting: RHB Jeckel Hester
|
0-0: Called Strike 0-1: Ground out 1-3 (Groundball, 34S, EV 61.9 MPH)
|
| Top of the 7th over - 0 runs, 1 hit, 0 errors, 1 left on base; Pittsburgh 9 - Cincinnati 5 |
| BOTTOM OF THE 7TH |
|
Cincinnati Reds batting - Pitching for Pittsburgh Pirates : LHP Jason Salzer
|
|
Batting: LHB Jon Ledesma
|
0-0: Foul Ball, location: 2F 0-1: Foul Ball, location: 2F 0-2: Ball 1-2: SINGLE (Groundball, 34S, EV 68.1 MPH) (infield hit)
|
|
Batting: SHB Dave Barefoot
|
0-0: Swinging Strike 0-1: SINGLE (Line Drive, 34, EV 98.1 MPH) Jon Ledesma to second
|
|
Batting: LHB Jake Bill
|
0-0: Called Strike 0-1: Ball 1-1: Ball 2-1: Foul Ball, location: 2F 2-2: Strikes out looking
|
|
Batting: RHB Willie Cardamone
|
0-0: Called Strike 0-1: Ball 1-1: Foul Ball, location: 2F 1-2: Fly out, F7 (Flyball, 7LM, EV 100.6 MPH)
|
|
Batting: SHB Saulo Maina
|
0-0: Ball 1-0: Called Strike 1-1: SINGLE (Groundball, 6MD, EV 94.4 MPH) Jon Ledesma to third Dave Barefoot to second Runner from 3rd tries for Home, SAFE, throw by CF to home Dave Barefoot to third Saulo Maina to second
|
|
Batting: LHB Jesus Lozano
|
0-0: Ball Wild Pitch! Dave Barefoot scores Saulo Maina to third 1-0: Ball 2-0: Called Strike 2-1: Fly out, F5 (Popup, 56S, EV 81.3 MPH)
|
| Bottom of the 7th over - 2 runs, 3 hits, 0 errors, 1 left on base; Pittsburgh 9 - Cincinnati 7 |
| TOP OF THE 8TH |
|
Pittsburgh Pirates batting - Pitching for Cincinnati Reds : RHP Timmy John Aaron-Lee Frank Silveira
|
|
Pitching: LHP David James
|
|
|
Batting: RHB Raul Mendoza
|
0-0: Ball 1-0: Swinging Strike 1-1: Swinging Strike 1-2: Ball 2-2: Foul Ball, location: 2F 2-2: Ball 3-2: Foul Ball, location: 2F 3-2: Foul Ball, location: 2F 3-2: Strikes out swinging
|
|
Batting: RHB Vincent Poopwell
|
0-0: Ball 1-0: SINGLE (Groundball, 6D, EV 102.5 MPH)
|
|
Batting: LHB Theodore Conboy
|
0-0: Ball 1-0: Foul Ball, location: 2F 1-1: Ball 2-1: Foul Ball, location: 2F 2-2: Strikes out looking
|
|
Batting: RHB Steve Jordan
|
0-0: Called Strike 0-1: Ball 1-1: Ball 2-1: Ball 3-1: Base on Balls Vincent Poopwell to second
|
|
Batting: RHB Tommie Eaton
|
0-0: Ground out 4-3 (Groundball, 4, EV 103.8 MPH)
|
| Top of the 8th over - 0 runs, 1 hit, 0 errors, 2 left on base; Pittsburgh 9 - Cincinnati 7 |
| BOTTOM OF THE 8TH |
|
Cincinnati Reds batting - Pitching for Pittsburgh Pirates : LHP Jason Salzer
|
|
Pitching: RHP Kwang-sik Kim
|
|
|
Batting: LHB Sean Geisler
|
0-0: Swinging Strike 0-1: Foul Ball, location: 2F 0-2: Strikes out looking
|
|
Batting: RHB Fred Slade
|
0-0: Ball 1-0: Called Strike 1-1: Ground out 2-3 (Groundball, 15S, EV 61.9 MPH)
|
|
Batting: RHB Omar Quintana
|
0-0: Ball 1-0: Swinging Strike 1-1: SOLO HOME RUN (Flyball, 7D, EV 101.9 MPH), Distance : 376 ft
|
|
Batting: LHB Jon Ledesma
|
0-0: Ball 1-0: Fly out, F7 (Line Drive, 7D, EV 99.4 MPH)
|
| Bottom of the 8th over - 1 run, 1 hit, 0 errors, 0 left on base; Pittsburgh 9 - Cincinnati 8 |
| TOP OF THE 9TH |
|
Pittsburgh Pirates batting - Pitching for Cincinnati Reds : LHP David James
|
|
Batting: RHB Andrew Robinson
|
0-0: Called Strike 0-1: Ball 1-1: Ball 2-1: Foul Ball, location: 2F 2-2: SINGLE (Groundball, 6MD, EV 103.8 MPH)
|
|
Batting: RHB Mike Bates
|
0-0: Ball 1-0: Ball 2-0: Ball Andrew Robinson steals 2nd base (no throw) 3-0: Base on Balls
|
|
Batting: RHB Lupe Covarrubias
|
0-0: Bunt - Flyout to 2R - DP at third! 2-6
|
|
Batting: RHB Jeckel Hester
|
0-0: Called Strike Mike Bates steals 2nd, throwing error, E2 Mike Bates to third 0-1: Ball 1-1: Fly out, F9 (Flyball, 9LD, EV 91.3 MPH)
|
| Top of the 9th over - 0 runs, 1 hit, 1 error, 1 left on base; Pittsburgh 9 - Cincinnati 8 |
| BOTTOM OF THE 9TH |
|
Cincinnati Reds batting - Pitching for Pittsburgh Pirates : RHP Kwang-sik Kim
|
|
Pitching: RHP Steve Grier
|
|
|
Batting: SHB Dave Barefoot
|
0-0: Swinging Strike 0-1: Ball 1-1: Swinging Strike 1-2: Foul Ball, location: 2F 1-2: Strikes out looking
|
|
Batting: LHB Jake Bill
|
0-0: Called Strike 0-1: Ground out 6-3 (Groundball, 56S, EV 61.9 MPH)
|
|
Batting: RHB Willie Cardamone
|
0-0: Called Strike 0-1: Foul Ball, location: 2F 0-2: Ground out 5-3 (Groundball, 5, EV 107.5 MPH)
|
| Bottom of the 9th over - 0 runs, 0 hits, 0 errors, 0 left on base; Pittsburgh 9 - Cincinnati 8 |
|